 Dungeon Crawl Stone Soup version 0.31-a0-960-g0fca184906 (webtiles) character file.

Game seed: 13961648108852004068

36362 Morbidden the Thaumaturge (level 13, -9/95 HPs)
             Began as a Demonspawn Air Elementalist on Oct 23, 2023.
             Was an Elder of Cheibriados.
             Mangled by a salamander
             ... wielding a +0 trident
              (13 damage)
             ... in a volcano.
             The game lasted 00:27:58 (18211 turns).

Morbidden the Thaumaturge (DsAE)                   Turns: 18211, Time: 00:27:58

Health: -9/95      AC: 12    Str: 17    XL:     13   Next: 52%
Magic:  22/27      EV: 15    Int: 35    God:    Cheibriados [****..]
Gold:   774        SH:  0    Dex: 22    Spells: 20/32 levels left

rFire   . . .        a - +1 scimitar (elec)
rCold   . . .        (no shield)
rNeg    . . .        w - +0 ring mail {Will+}
rPois   +            Q - +0 hat {Int+3}
rElec   +            O - +1 cloak {rPois}
rCorr   .            (no gloves)
SInv    .            (no boots)
Will    +....        N - amulet of regeneration
Stlth   ++           f - ring of poison resistance
HPRegen 1.15/turn    (no ring)
MPRegen 0.40/turn

%: no passive effects
@: very slow
A: thin metallic scales 3, magic regeneration, condensation shield, demonic
touch 2
a: Renounce Religion, Bend Time, Temporal Distortion, Slouch


You were in a volcano.
You worshipped Cheibriados.
Cheibriados was greatly pleased with you.
You visited 2 branches of the dungeon, and saw 15 of its levels.
You also visited: Ossuary and Volcano.

You collected 1121 gold pieces.
You spent 347 gold pieces at shops.

Inventory:

Hand Weapons
 a - a +1 scimitar of electrocution (weapon)
 s - a +0 short sword of protection
Missiles
 c - 3 throwing nets
 m - 3 curare-tipped darts (quivered)
 F - 6 silver javelins
Armour
 n - a +0 chain mail
 w - a +0 ring mail of willpower (worn)
 O - a +1 cloak of poison resistance (worn)
 Q - a +0 hat of intelligence (worn)
Magical Staves
 b - a staff of air
Jewellery
 f - a ring of poison resistance (left hand)
 I - a ring of ice
 N - an amulet of regeneration (around neck)
Talismans
 l - a beast talisman
Wands
 i - a wand of flame (28)
 C - a wand of polymorph (19)
 M - a wand of charming (10)
Scrolls
 d - 16 scrolls of teleportation
 j - 2 scrolls of blinking
 k - 2 scrolls of enchant weapon
 q - a scroll of torment
 t - 3 scrolls of amnesia
 u - 2 scrolls of poison
 v - a scroll of fog
 y - 2 scrolls of brand weapon
 E - a scroll of noise
 G - 3 scrolls of enchant armour
 K - 2 scrolls of revelation
 P - 2 scrolls of summoning
Potions
 g - 4 potions of heal wounds
 h - 10 potions of curing
 o - a potion of magic
 p - a potion of cancellation
 r - 3 potions of mutation {unknown}
 x - 7 potions of might
 z - 2 potions of resistance {unknown}
 A - 3 potions of brilliance {unknown}
 B - 4 potions of degeneration {unknown}
 D - 2 potions of invisibility {unknown}
 H - a potion of enlightenment {unknown}
 J - 2 potions of attraction
 L - 2 potions of lignification


   Skills:
 * Level 6.8 Fighting
 + Level 0.1(3.9) Short Blades
 * Level 6.3(6.4) Long Blades
 + Level 1.0 Throwing
 + Level 5.0 Armour
 * Level 6.7 Dodging
 + Level 2.7 Stealth
 - Level 0.1 Shields
 * Level 10.4 Spellcasting
 * Level 7.4 Conjurations
 - Level 2.0 Transmutations
 * Level 9.5 Air Magic
 * Level 9.3 Invocations
 * Level 5.6 Shapeshifting


You had 20 spell levels left.
You knew the following spells:

 Your Spells              Type           Power      Damage    Failure   Level
a - Shock                 Conj/Air       100%       1d9       1%          1
b - Airstrike             Air            35%        2d(6-22)  1%          4
c - Irradiate             Conj/Tmut      25%        3d20      16%         5
z - Static Discharge      Conj/Air       100%       3-8/arc   1%          2

Your spell library contained the following spells:

 Spells                   Type           Power      Damage    Failure   Level
 Swiftness                Air            71%        N/A       1%          3
 Wereblood                Tmut           32%        N/A       2%          2
 Dazzling Flash           Conj/Hex       88%        N/A       2%          3
 Passwall                 Tmut/Erth      20%        N/A       4%          2
 Ensorcelled Hibernation  Hex/Ice        36%        N/A       6%          2
 Volatile Blastmotes      Fire/Tloc      36%        2d13      12%         3
 Anguish                  Hex/Necr       9%         N/A       38%         4
 Cause Fear               Hex            9%         N/A       38%         4
 Starburst                Conj/Fire      22%        6d7       80%         6
 Maxwell's Capacitive Co  Air            35%        ∞         99%         8
 Enfeeble                 Hex            9%         N/A       100%        7


Dungeon Overview and Level Annotations

Branches:
Dungeon (10/15)            Temple (0/1) D:7            Lair (5/5) D:9
 Shoals (0/4) Lair:2        Snake (0/4) Lair:2        Slime (0/5) Lair:4
Ossuary (visited)         Volcano (1/1)
    Orc: D:9-12

Altars:
Ashenzari
Cheibriados
Dithmenos
Fedhas
Gozag
Hepliaklqana
Makhleb
Nemelex Xobeh
Okawaru
Qazlal
Trog
Uskayaw
Wu Jian
Xom
Yredelemnul
Jiyva

Shops:
D:3 *   D:4 ?   D:5 *!

Annotations:
D:6 2 runed translucent doors, Heedrag's ghost, amateur GrEE
Lair:4 2 runed translucent doors


Innate Abilities, Weirdness & Mutations

You are completely covered in thin metallic scales. (AC +4, rElec)
You regenerate magic rapidly.
A meltable shield of frost defends you. (SH +0)
Your touch may inflict irresistible damage on your foes.


Message History

Unknown command.
Activating: Slouch (2% risk of failure)
Press: ? - help, Dir - look around, f - activate You can feel time thicken for a moment.
Cheibriados lowers the support of your attributes as your movement quickens.
The salamander completely misses you.
Unknown command.
Unknown command.
Unknown command.
Unknown command.
Activating: Slouch (2% risk of failure)
Press: ? - help, Dir - look around, f - activate You can feel time thicken for a moment.
You can no longer step out of the flow of time.
Cheibriados lowers the support of your attributes as your movement quickens.
The salamander barely misses you.
Unknown command.
Unknown command.
Unknown command.
Magic courses through your body.
The salamander hits you from afar with a +0 halberd!
You are engulfed in flames!
The salamander misses you.
Unknown command.
Unknown command.
Activating: Slouch (3% risk of failure)
Press: ? - help, Dir - look around, f - activate You can feel time thicken for a moment.
Cheibriados lowers the support of your attributes as your movement quickens.
The salamander hits you from afar with a +0 halberd!
You are engulfed in flames!
* * * LOW HITPOINT WARNING * * *
The salamander wields a +2 shortbow of flaming.
It bursts into flame!
The salamander shoots an arrow.
The arrow hits you!
* * * LOW HITPOINT WARNING * * *
The arrow burns you.
* * * LOW HITPOINT WARNING * * *
The salamander hits you from afar with a +0 trident.
* * * LOW HITPOINT WARNING * * *
You are engulfed in flames!
You die...

... #..
####.. ##
#...)##.###
####........
#.....NN..#
#N.....##
#@∩∩..#
#.....#
#...###
##..# ####


You could see 3 salamanders.

Vanquished Creatures
  Gastronok (Lair:1)
  2 hydras
  A boulder beetle (Lair:1)
  A two-headed ogre (D:10)
  4 skysharks
  2 lindwurms (Lair:4)
  A salamander (Volcano)
  A cyclops (D:6)
  4 elephants (Lair:5)
  A merfolk siren (Lair:2)
  Maurice (D:8)
  4 black mambas
  Joseph (Lair:1)
  A gargoyle (D:8)
  8 cane toads
  7 rime drakes
  6 komodo dragons
  2 trolls
  A polar bear (Lair:5)
  2 hornets
  3 merfolk (Lair:2)
  14 blink frogs
  Grinder (D:3)
  3 dream sheep (Lair:5)
  Sigmund (D:7)
  A shadow (D:9)
  2 wraiths
  3 wyverns
  25 yaks
  A human (Lair:4)
  A basilisk (Lair:4)
  2 steam dragons
  Menkaure (D:7)
  Edmund (D:7)
  An acid dragon (D:6)
  3 nagas (Lair:2)
  16 water moccasins
  A sky beast (D:7)
  8 orc warriors
  An ice beast (D:6)
  4 black bears
  5 ogres
  A centaur (D:8)
  13 wolves
  2 kobold brigands
  A phantom (D:6)
  16 bullfrogs
  An elf zombie (Ossuary)
  2 gnoll sergeants
  2 scorpions
  12 wights
  16 killer bees
  An electric eel (Lair:3)
  3 howler monkeys
  A human zombie (Ossuary)
  A jelly (D:8)
  Crazy Yiuf (D:4)
  6 orc priests
  A hound (D:5)
  2 iguanas
  12 orc wizards
  6 hell rats (Lair:4)
  3 mummies (Ossuary)
  Robin (D:3)
  10 gnolls
  9 adders
  2 shadow imps
  3 dart slugs
  38 orcs
  5 endoplasms
  3 giant cockroaches
  A gnoll zombie (Ossuary)
  7 goblins
  6 hobgoblins
  3 quokkas
  2 ball pythons (D:2)
  3 bats
  6 frilled lizards
  A goblin zombie (Ossuary)
  2 hobgoblin zombies (Ossuary)
  11 kobolds
  2 kobold zombies (Ossuary)
  5 rats
372 creatures vanquished.

Vanquished Creatures (others)
  An orc wizard (D:8)
1 creature vanquished.

Grand Total: 373 creatures vanquished

Notes
Turn   | Place    | Note
-------+----------+-------------------------------------------
     0 | D:1      | Morbidden the Demonspawn Air Elementalist began the quest
                  | for the Orb.
     0 | D:1      | Reached XP level 1. HP: 13/13 MP: 3/3
   617 | D:1      | Gained mutation: You regenerate magic rapidly. [demonic
                  | ancestry]
   617 | D:1      | Reached XP level 2. HP: 19/19 MP: 1/5
   834 | D:1      | Learned a level 2 spell: Static Discharge
  1643 | D:2      | Reached XP level 3. HP: 24/24 MP: 2/6
  1800 | D:2      | Identified the +4 rapier of Nenizun {speed, Stlth+}
  2197 | D:3      | Found a snail-covered altar of Cheibriados.
  2200 | D:3      | Became a worshipper of Cheibriados the Contemplative
  2377 | D:3      | Found Ytzyxois's Assorted Antiques.
  2470 | D:3      | Bought a glowing scimitar for 147 gold pieces
  2653 | D:3      | Noticed a scorpion
  2664 | D:3      | Killed a scorpion
  2665 | D:3      | Gained mutation: You are partially covered in thin metallic
                  | scales. (AC +2) [demonic ancestry]
  2665 | D:3      | Reached XP level 4. HP: 13/31 MP: 0/7
  2862 | D:3      | Noticed Robin
  2872 | D:3      | Killed Robin
  3112 | D:4      | Noticed an orc warrior
  3146 | D:4      | Found Pompusum's Magic Scroll Shop.
  3151 | D:4      | Reached * piety under Cheibriados
  3152 | D:4      | Gained mutation: A meltable shield of frost defends you.
                  | (SH +0) [demonic ancestry]
  3152 | D:4      | Reached XP level 5. HP: 36/36 MP: 5/8
  3173 | D:4      | Bought a scroll of teleportation for 39 gold pieces
  3173 | D:4      | Noticed an ogre
  3285 | D:4      | Noticed Grinder
  3373 | D:3      | Killed an orc warrior
  3374 | D:3      | Reached skill level 1 in Fighting
  3374 | D:3      | Reached skill level 1 in Invocations
  3416 | D:4      | Reached skill level 3 in Spellcasting
  3458 | D:4      | Gained mutation: Your touch may inflict minor irresistible
                  | damage on your foes. [demonic ancestry]
  3458 | D:4      | Reached XP level 6. HP: 39/43 MP: 3/10
  3460 | D:4      | Reached skill level 1 in Long Blades
  3522 | D:3      | Paralysed by Grinder for 3 turns
  3528 | D:3      | Paralysed by Grinder for 4 turns
  3687 | D:4      | Found a bloodstained altar of Trog.
  4097 | D:4      | Found a runed translucent door.
  4098 | D:4      | Noticed Crazy Yiuf
  4230 | D:5      | Entered Level 5 of the Dungeon
  4243 | D:5      | Reached skill level 1 in Armour
  4335 | D:5      | Reached ** piety under Cheibriados
  4355 | D:5      | Found Ewutesm's Serpentskin Sales.
  4365 | D:5      | Bought a scroll of poison for 56 gold pieces
  4417 | D:5      | Reached skill level 1 in Shapeshifting
  4417 | D:5      | Gained mutation: Your touch may inflict irresistible damage
                  | on your foes. [demonic ancestry]
  4417 | D:5      | Reached XP level 7. HP: 49/49 MP: 6/12
  4563 | D:5      | Found Guigoa Gelo's Distillery.
  4570 | D:5      | Reached skill level 4 in Spellcasting
  4581 | D:5      | Bought a potion of might for 60 gold pieces
  4581 | D:5      | Bought a potion of curing for 45 gold pieces
  4820 | D:5      | Found an ornate altar of the Wu Jian Council.
  4823 | D:5      | Found a basalt altar of Yredelemnul.
  4870 | D:5      | Found a sparkling altar of Nemelex Xobeh.
  4973 | D:5      | Found a blossoming altar of Fedhas.
  5034 | D:5      | Found an iron altar of Okawaru.
  5209 | D:6      | Gained mutation: You are mostly covered in thin metallic
                  | scales. (AC +3) [demonic ancestry]
  5209 | D:6      | Reached XP level 8. HP: 33/56 MP: 9/14
  5225 | D:6      | Found a runed translucent door.
  5241 | D:6      | Found a stormy altar of Qazlal.
  5253 | D:6      | Noticed a troll
  5264 | D:6      | Killed a troll
  5264 | D:6      | Reached *** piety under Cheibriados
  5320 | D:6      | Noticed a cyclops
  5324 | D:6      | Killed a cyclops
  5325 | D:6      | Reached skill level 5 in Air Magic
  5372 | D:6      | Gained mutation: You are completely covered in thin
                  | metallic scales. (AC +4, rElec) [demonic ancestry]
  5372 | D:6      | Reached XP level 9. HP: 20/63 MP: 10/16
  5511 | D:6      | Reached skill level 5 in Spellcasting
  5563 | D:6      | Found a runed translucent door.
  5563 | D:6      | Noticed Heedrag's ghost (amateur GrEE)
  5574 | D:6      | Found a sand-covered staircase.
  5579 | Ossuary  | Entered an ossuary
  5667 | Ossuary  | Learned a level 4 spell: Airstrike
  6932 | D:7      | Noticed Menkaure
  6940 | D:7      | Killed Menkaure
  7118 | D:7      | Found a staircase to the Ecumenical Temple.
  7179 | D:7      | Found a broken altar of Ashenzari.
  7203 | D:7      | Noticed Sigmund
  7207 | D:7      | Killed Sigmund
  7208 | D:7      | Reached skill level 1 in Throwing
  7208 | D:7      | Reached skill level 5 in Invocations
  7423 | D:7      | Reached **** piety under Cheibriados
  7497 | D:7      | Noticed Edmund
  7510 | D:7      | Killed Edmund
  7682 | D:7      | Found a burning altar of Makhleb.
  7741 | D:7      | Reached XP level 10. HP: 72/72 MP: 15/18
  7976 | D:8      | Noticed a gargoyle
  7978 | D:8      | Killed a gargoyle
  7979 | D:8      | Reached skill level 5 in Conjurations
  8026 | D:8      | Noticed Maurice
  8061 | D:8      | Reached skill level 6 in Spellcasting
  8064 | D:8      | Maurice stole 6 silver javelins
  8065 | D:8      | Maurice stole a ring of ice
  8067 | D:8      | Killed Maurice
  8077 | D:8      | Found a hide-covered altar of Uskayaw.
  8223 | D:8      | Found a shadowy altar of Dithmenos.
  8225 | D:8      | Found a shimmering altar of Xom.
  8278 | D:8      | Reached ***** piety under Cheibriados
  8635 | D:8      | Found an opulent altar of Gozag.
  8945 | D:9      | Reached skill level 5 in Dodging
  9402 | D:9      | Reached skill level 5 in Fighting
  9402 | D:9      | Reached XP level 11. HP: 25/79 MP: 7/20
 10026 | D:9      | Found a staircase to the Lair.
 10301 | D:9      | Found a hazy altar of Hepliaklqana.
 10521 | D:3      | Found Ytzyxois's Assorted Antiques.
 10581 | D:3      | Killed Grinder
 10656 | D:3      | Found a snail-covered altar of Cheibriados.
 11153 | D:4      | Killed Crazy Yiuf
 11302 | D:10     | Entered Level 10 of the Dungeon
 11337 | D:10     | Noticed a two-headed ogre
 11340 | D:10     | Killed a two-headed ogre
 11579 | D:10     | Reached skill level 5 in Long Blades
 11781 | D:10     | Reached skill level 7 in Spellcasting
 11917 | D:13     | Identified the "Gafimecwot"
 11917 | Lair:1   | Entered Level 1 of the Lair of Beasts
 11917 | Lair:1   | Noticed a boulder beetle
 12067 | Lair:1   | Killed a boulder beetle
 12589 | Lair:1   | Noticed Joseph
 12593 | Lair:1   | Killed Joseph
 12640 | Lair:1   | Noticed Gastronok
 12666 | Lair:1   | Killed Gastronok
 12667 | Lair:1   | Reached skill level 8 in Spellcasting
 13956 | Lair:2   | Reached XP level 12. HP: 87/87 MP: 1/24
 14477 | Lair:2   | Found a staircase to the Shoals.
 14481 | Lair:2   | Reached skill level 5 in Shapeshifting
 14713 | Lair:2   | Noticed a four-headed hydra
 14718 | Lair:2   | Killed a four-headed hydra
 15133 | Lair:2   | Reached skill level 9 in Spellcasting
 15351 | Lair:2   | Found a staircase to the Snake Pit.
 15937 | Lair:3   | Learned a level 5 spell: Irradiate
 16538 | Lair:4   | Noticed a seven-headed hydra
 16543 | Lair:4   | Killed a seven-headed hydra
 16679 | Lair:4   | Reached ****** piety under Cheibriados
 16680 | Lair:4   | Reached skill level 1 in Transmutations
 16680 | Lair:4   | Reached XP level 13. HP: 94/94 MP: 13/26
 16868 | Lair:4   | Reached skill level 10 in Spellcasting
 16992 | Lair:4   | Found a runed translucent door.
 17121 | Lair:4   | Noticed a reaper
 17158 | Lair:4   | Identified the beast talisman "Wilipsas" {Will+++ rCorr
                  | Slay-4 SInv}
 17207 | Lair:4   | Found a runed translucent door.
 17207 | Lair:4   | Found a viscous altar of Jiyva.
 17208 | Lair:4   | Noticed an acid blob
 17236 | Lair:4   | Found a staircase to the Slime Pits.
 17237 | Lair:4   | Noticed an acid blob
 18118 | Lair:5   | Identified the of Jemay
 18118 | Lair:5   | Entered Level 5 of the Lair of Beasts
 18162 | Lair:5   | Reached skill level 5 in Armour
 18194 | Lair:5   | Found a dark tunnel.
 18202 | Volcano  | Entered a volcano
 18211 | Volcano  | HP: 4/95 [salamander/+0 trident (5)]
 18211 | Volcano  | Mangled by a salamander

Illustrated notes

Levels and vault maps discovered:
D:1:      lemuel_arrival_behind_the_door_small, layout_basic,
          minmay_tromino_mix6
D:2:      layout_basic, minmay_misc_feat_tiny
D:3:      layout_basic, kennysheep_slug_shrine, serial_shops,
          nicolae_shop_overgrown_old_shop, uniq_robin
D:4:      layout_cave_pools, amcnicky_altar_gilded, overflow_temple_1_default,
          serial_shops, nicolae_shop_statue_plus, nicolae_half_adder,
          uniq_grinder, uniq_crazy_yiuf_cottage
D:5:      layout_loops_ring, lemuel_round_altar, fedhas_altar_3,
          minmay_overflow_temple_star_quad, serial_shops, shop,
          guppyfry_shop_venom
D:6:      layout_basic, mainiacjoe_overflow_alcove_4, enter_ossuary_2,
          ebering_ghost_sewer_f, kb_rosetta
D:7:      layout_basic, nicolae_overflow_crystal_walls,
          mainiacjoe_overflow_surrounded_room, temple_hall,
          sigmund_edmund_badplayer, uniq_menkaure
D:8:      layout_basic, eat_drink_and_be_merry_uskayaw,
          nicolae_gozag_seed_capital,
          chequers_temple_overflow_statue_of_worship, st_stairs_11, uniq_maurice
D:9:      layout_rooms, marbit_many_paths, lair_entry_dummy,
          kennysheep_generic_room_13
D:10:     layout_gridville, nicolae_two_hexagons
Lair:1:   layout_layer_cave, uniq_gastronok, uniq_joseph
Lair:2:   layout_loops_ring, elwin_shoals_entry_stream,
          nicolae_snake_entry_squirm
Lair:3:   layout_misc_corridors, serial_bayou_shore_a
Lair:4:   layout_regular_city, slime_entry_2, pdpol_lair_cabin_in_the_woods,
          infiniplex_staircase_pool, lemuel_fruit_tree
Lair:5:   gammafunk_lair_ancient_temple, layout_long_grid, enter_volcano_4,
          serial_bayou_shore_b, uniq_nessos
Volcano:  hellmonk_volcano_collapse

Skill      XL: |  1  2  3  4  5  6  7  8  9 10 11 12 13 |
---------------+----------------------------------------+-----
Air Magic      | 3 4 5 6 7 8 9 |  9.5
Dodging        | 2 3 4 5 6 |  6.7
Fighting       | 1 2 3 4 5 6 |  6.8
Stealth        | 2 |  2.7
Conjurations   | 2 3 4 5 6 7 |  7.4
Invocations    | 1 2 3 4 5 6 7 8 9 |  9.3
Spellcasting   | 3 4 5 6 8 9 10 | 10.4
Long Blades    | 1 2 4 5 6 |  6.3
Armour         | 1 2 3 4 5 |  5.0
Shapeshifting  | 1 2 3 4 5 |  5.6
Throwing       | 1 |  1.0
Transmutations | 1 2 |  2.0
Short Blades   | |  0.1
Shields        | |  0.1

Action                     |  1- 3 |  4- 6 |  7- 9 | 10-12 | 13-15 || total
---------------------------+-------+-------+-------+-------+-------++-------
  Melee: Unarmed           |     3 |       |       |       |       ||     3
         Short sword       |    14 |       |       |       |       ||    14
         Scimitar          |     4 |    35 |    91 |    86 |    36 ||   252
         Rapier            |     1 |       |       |       |       ||     1
         Touch             |       |     2 |    19 |    23 |    10 ||    54
         Punch             |       |       |     2 |     1 |     1 ||     4
         Staff             |       |       |       |     3 |       ||     3
  Throw: Dart              |       |     1 |     4 |     3 |       ||     8
   Cast: Shock             |    95 |    72 |   119 |   208 |    19 ||   513
         Static Discharge  |     1 |     4 |    12 |   115 |    20 ||   152
         Airstrike         |       |       |     6 |   145 |    52 ||   203
 Invoke: Slouch            |       |       |       |     4 |     7 ||    11
    Use: Scroll            |       |     5 |     3 |     8 |     4 ||    20
         Potion            |       |     2 |     2 |     2 |     1 ||     7
   Stab: Sleeping          |       |       |     2 |       |       ||     2
 Armour: Robe              |    23 |    12 |       |       |       ||    35
         Leather armour    |       |    46 |       |       |       ||    46
         Ring mail         |       |     3 |   148 |   405 |   119 ||   675
  Dodge: Dodged            |    24 |    39 |    86 |   233 |    75 ||   457
  Block: Other             |       |     9 |    36 |    57 |     9 ||   111

Table legend: (Time is in decaauts)
 A = Elapsed time spent in this place.
 B = Non-inter-level travel time spent in this place.
 C = Inter-level travel time spent in this place.
 D = Time resting spent in this place.
 E = Time spent auto-exploring this place.
 F = Levels seen in this place.
 G = Mean time per level.
                   A        B        C        D        E       F      G
               +--------+--------+--------+--------+--------+-----+--------+
         Total |  25328 |  23527 |   1801 |   1456 |  19011 |  17 | 1489.9 |
       Dungeon |  15233 |  13870 |   1363 |    985 |  10995 |  10 | 1523.3 |
          Lair |   9268 |   8830 |    438 |    442 |   7405 |   5 | 1853.6 |
       Ossuary |    817 |    817 |      0 |     28 |    610 |   1 |  817.0 |
       Volcano |      9 |      9 |      0 |      0 |      0 |   1 |    9.0 |
               +--------+--------+--------+--------+--------+-----+--------+

Top non-repeatable levels by time:
  Lair:1: 2879 daAuts
     D:3: 2817 daAuts
  Lair:4: 2456 daAuts
  Lair:2: 2190 daAuts
     D:9: 2049 daAuts
     D:6: 1724 daAuts
     D:7: 1627 daAuts
  Lair:3: 1619 daAuts
     D:8: 1607 daAuts
     D:5: 1359 daAuts
     D:1: 1349 daAuts
     D:4: 1123 daAuts
    D:10: 921 daAuts
 Ossuary: 817 daAuts
     D:2: 653 daAuts
